 Dungeon Crawl Stone Soup version 0.29.0-4-gdea44cf6ec (webtiles) character file.

Game seed: 8501830585736487746

8940 qw the Cleaver (level 11, -10/64 HPs)
             Began as a Tengu Warper on Aug 28, 2022.
             Was an Elder of Okawaru.
             Mangled by a blink frog (11 damage)
             ... on level 1 of the Lair of Beasts.
             The game lasted 00:01:26 (13097 turns).

qw the Cleaver (Tengu Warper)                      Turns: 13097, Time: 00:01:26

Health: -10/64     AC: 22    Str: 22    XL:     11   Next: 38%
Magic:  16/16      EV: 12    Int: 13    God:    Okawaru [****..]
Gold:   807        SH:  0    Dex: 14    Spells: 14/14 levels left

rFire   . . .      SeeInvis .   Y - +1 broad axe (pain)
rCold   . . .      Faith    .   (no shield)
rNeg    . . .      Spirit   .   m - +0 plate armour
rPois   .          Reflect  .   (helmet restricted)
rElec   .          Harm     .   e - +2 cloak
rCorr   .          Rampage  .   (no gloves)
Will    .....                   (boots unavailable)
Stlth   ..........              (no amulet)
HPRegen 0.20/turn               l - +4 ring of protection
MPRegen 0.15/turn               u - +6 ring of strength

@: about to teleport, heroic, flying quickly and evasively, quick
A: beak, talons 3, nimble flight
a: Renounce Religion, Heroism, Finesse


You were on level 1 of the Lair of Beasts.
You worshipped Okawaru.
Okawaru was greatly pleased with you.
You visited 3 branches of the dungeon, and saw 12 of its levels.
You also visited: Ossuary.

You collected 807 gold pieces.


Innate Abilities, Weirdness & Mutations

You have a beak for a mouth.
You have claws for feet.
Your magical nature lets you fly swiftly and evasively.


   Skills:
 - Level 6.1(11.1) Fighting
 + Level 13.9(18.9) Axes
 - Level 4.9(9.9) Throwing
 - Level 6.0(11.0) Armour
 - Level 4.0(9.0) Dodging
 - Level 2.0 Spellcasting
 - Level 2.4 Translocations
 + Level 6.0 Invocations


You had 14 spell levels left.
You didn't know any spells.
Your spell library contained the following spells:

 Spells                   Type           Power      Damage    Failure   Level
 Blink                    Tloc           14%        N/A       88%         2
 Gell's Gravitas          Tloc           7%         N/A       98%         3
 Lesser Beckoning         Tloc           7%         N/A       98%         3
 Teleport Other           Tloc           7%         N/A       98%         3
 Manifold Assault         Tloc           7%         N/A       100%        5

Inventory:

Hand Weapons
 k - a +0 morningstar
 Y - a +1 broad axe of pain (weapon)
Missiles
 f - 9 boomerangs (quivered)
Armour
 e - a +2 cloak (worn)
 m - a +0 plate armour (worn)
Jewellery
 l - a +4 ring of protection (left hand)
 u - a +6 ring of strength (right hand)
Wands
 n - a wand of digging (1)
Scrolls
 a - 8 scrolls of identify
 c - 5 scrolls of teleportation
Potions
 b - 6 potions of curing
 d - 4 potions of haste
 g - 3 potions of mutation
 h - 5 potions of might
 i - a potion of magic
 j - 2 potions of cancellation

Dungeon Overview and Level Annotations

Branches:
Dungeon (10/15)            Temple (1/1) D:6            Lair (1/5) D:10
    Orc (0/2) D:9         Ossuary (visited)

Altars:
Ashenzari
Cheibriados
Dithmenos
Elyvilon
Fedhas
Gozag
Hepliaklqana
Kikubaaqudgha
Makhleb
Nemelex Xobeh
Okawaru
Qazlal
Ru
Sif Muna
Trog
Uskayaw
Vehumet
Wu Jian
Xom
Yredelemnul
Zin
The Shining One

Shops:
D:9 :

Annotations:
D:3 1 runed translucent door, Crazy Yiuf
D:6 3 runed translucent doors, qw's ghost, novice TeWr


Message History

You slash the water moccasin!
You kill the water moccasin!
Okawaru accepts your kill.
The blink frog hits you but does no damage.
The blink frog barely misses you.
You miss the blink frog.
The blink frog is almost dead.
You hit the blink frog. The blink frog closely misses you.
The blink frog hits you!
The blink frog blinks!
13093 ||| READING 6 scrolls of teleportation.
As you read the scroll of teleportation, it crumbles to dust.
You feel strangely unstable.
The blink frog blinks!
The blink frog closely misses you.
The blink frog hits you but does no damage.
The blink frog closely misses you.
The blink frog blinks!
The blink frog hits you but does no damage.
You slash the blink frog! You claw the blink frog!
You kill the blink frog!
Okawaru accepts your kill.
You can now speed up your combat.
You miss the blink frog. You barely miss the blink frog.
The blink frog hits you!
The blink frog blinks!
The blink frog misses you.
You closely miss the blink frog.
You claw the blink frog, but do no damage.
You peck the blink frog.
The blink frog is moderately wounded.
You hit the blink frog.
The blink frog hits you but does no damage. x2
You hit the blink frog. Your kick misses the blink frog.
The blink frog is moderately wounded.
You closely miss the blink frog.
The blink frog hits you but does no damage.
The blink frog barely misses you.
You closely miss the blink frog. You claw the blink frog.
You kill the blink frog!
Okawaru accepts your kill.
You miss the blink frog. You slash the blink frog!
The blink frog hits you but does no damage.
The blink frog hits you!
You die...

........# .###
......... #...+
........##...#
........~~~..##
....~~~~~~~~..#.
....~~~~~~~~....
#+#.~~~~~~~~~.#
#...~~~@F~~~~.#
#...~~%F<~~~~.#
....~~~..~~~~.#
....~~~~~~~~~.#
....~~~~~~~~..#
......~~~~~.~##
......~~~...##
........###.#
....... ..


You could see 2 blink frogs.

Vanquished Creatures
  2 two-headed ogres (D:9)
  Pikel (D:7)
  2 trolls (D:9)
  A hornet (D:7)
  Grinder (D:4)
  3 blink frogs (Lair:1)
  A shadow (D:10)
  3 wyverns
  Sigmund (D:2)
  A vampire (D:9)
  A steam dragon (D:7)
  Menkaure (D:4)
  2 water moccasins
  Duvessa (D:7)
  10 orc warriors
  2 sky beasts
  2 ice beasts
  2 centaurs
  2 lemures (D:7)
  3 bullfrogs
  A necrophage (D:6)
  3 kobold brigands
  18 scorpions
  5 wights (D:10)
  Dowan (D:7)
  5 killer bees (D:9)
  2 howler monkeys
  A centaur zombie (Ossuary)
  8 orc priests
  3 human zombies (Ossuary)
  A jelly (D:5)
  4 iguanas
  5 scorpion zombies (Ossuary)
  7 orc wizards
  4 mummies
  4 gnolls (D:5)
  2 river rats (D:5)
  6 adders
  2 shadow imps
  2 worms
  A dart slug (D:4)
  55 orcs
  3 ball pythons
  6 bats
  7 endoplasms
  4 giant cockroaches
  5 goblins
  4 hobgoblins
  4 jackals
  4 quokkas
  4 frilled lizards
  3 gnoll zombies (Ossuary)
  3 goblin zombies (Ossuary)
  3 hobgoblin zombies
  20 kobolds
  3 kobold zombies (Ossuary)
  An orc zombie (D:6)
  9 rats
  A spectral kobold (D:10)
266 creatures vanquished.

Notes
Turn   | Place    | Note
-------+----------+-------------------------------------------
     0 | D:1      | qw the Tengu Warper began the quest for the Orb.
     0 | D:1      | Reached XP level 1. HP: 12/12 MP: 4/4
     0 | D:1      | 0 ||| qw: Version: 0.1-a-89-g26bdef1
     0 | D:1      | 0 ||| qw: Game counter: 2138
     0 | D:1      | 0 ||| qw: Always use a shield: true
     0 | D:1      | 0 ||| qw: God list: Okawaru
     0 | D:1      | 0 ||| qw: Allow faded altars: false
     0 | D:1      | 0 ||| qw: Do Orc after D:15 true
     0 | D:1      | 0 ||| qw: Do second Lair branch before Depths: true
     0 | D:1      | 0 ||| qw: Lair rune preference: random
     0 | D:1      | 0 ||| qw: Plans: Normal
     0 | D:1      | 0 ||| PLANNING D:1-11
   385 | D:1      | Reached skill level 3 in Axes
   385 | D:1      | Reached XP level 2. HP: 16/17 MP: 6/6
   665 | D:1      | Found a faded altar of an unknown god.
   807 | D:1      | 807 ||| Stepping ~*~*~tactically~*~*~ (stealth).
   808 | D:1      | 808 ||| Stepping ~*~*~tactically~*~*~ (stealth).
   822 | D:1      | 822 ||| Stepping ~*~*~tactically~*~*~ (stealth).
   823 | D:1      | 823 ||| Stepping ~*~*~tactically~*~*~ (stealth).
  1155 | D:1      | 1155 ||| UPGRADING to +2 cloak.
  1160 | D:1      | 1160 ||| READING 4 scrolls labelled GOUTASMARGH.
  1161 | D:1      | 1161 ||| READING scroll labelled NESYUSUSIO.
  1162 | D:1      | 1162 ||| READING 3 scrolls of identify.
  1162 | D:1      | 1162 ||| IDENTIFYING bubbling red potion
  1163 | D:1      | 1163 ||| READING 2 scrolls of identify.
  1163 | D:1      | 1163 ||| IDENTIFYING green potion
  1164 | D:1      | 1164 ||| DROPPING scroll of blinking.
  1219 | D:2      | Noticed Sigmund
  1220 | D:2      | 1220 ||| Stepping ~*~*~tactically~*~*~ (hiding).
  1227 | D:2      | HP: 4/17 [Sigmund/magic dart (5)]
  1228 | D:2      | 1228 ||| DRINKING potion of heal wounds.
  1229 | D:2      | Killed Sigmund
  1230 | D:2      | Reached skill level 6 in Axes
  1230 | D:2      | Reached XP level 3. HP: 15/21 MP: 7/7
  1230 | D:2      | Reached XP level 4. HP: 19/26 MP: 8/8
  1230 | D:2      | Gained mutation: Your magical nature lets you fly swiftly
                  | and evasively. [Tengu growth]
  1230 | D:2      | Reached XP level 5. HP: 22/30 MP: 9/9
  1645 | D:2      | 1645 ||| DROPPING +0 club.
  2148 | D:2      | 2148 ||| UPGRADING to +0 ring mail.
  2158 | D:2      | 2158 ||| DROPPING +0 leather armour.
  2159 | D:2      | 2159 ||| UPGRADING to +4 ring of protection.
  2160 | D:2      | 2160 ||| READING scroll labelled XESKOUBBEGIS.
  2161 | D:2      | 2161 ||| READING scroll labelled IZAIFO JUUFAOR.
  2162 | D:2      | 2162 ||| READING 3 scrolls of identify.
  2162 | D:2      | 2162 ||| IDENTIFYING golden potion
  2163 | D:2      | 2163 ||| READING 2 scrolls of identify.
  2163 | D:2      | 2163 ||| IDENTIFYING blue potion
  2195 | D:3      | 2195 ||| STAIRDANCE
  2201 | D:3      | 2201 ||| STAIRDANCE
  2242 | D:3      | Found a bloodstained altar of Trog.
  2338 | D:3      | Noticed a sky beast
  2347 | D:3      | Reached XP level 6. HP: 28/35 MP: 10/10
  2353 | D:3      | HP: 6/35 [something (5)]
  2356 | D:3      | Killed a sky beast
  2357 | D:3      | Reached skill level 7 in Axes
  2793 | D:3      | 2793 ||| DROPPING +1 flail of protection.
  2828 | D:3      | Found a runed translucent door.
  2829 | D:3      | Noticed Crazy Yiuf
  3073 | D:3      | Found a blossoming altar of Fedhas.
  3188 | D:3      | 3188 ||| UPGRADING to +0 scale mail.
  3198 | D:3      | 3198 ||| DROPPING +0 ring mail.
  3199 | D:3      | 3199 ||| DRINKING 2 fizzy red potions.
  3235 | D:4      | 3235 ||| Stepping ~*~*~tactically~*~*~ (hiding).
  3237 | D:4      | 3237 ||| Stepping ~*~*~tactically~*~*~ (hiding).
  3304 | D:4      | Noticed Menkaure
  3309 | D:4      | Killed Menkaure
  3310 | D:4      | Reached XP level 7. HP: 43/43 MP: 11/11
  3378 | D:4      | 3378 ||| SWAPPING to +0 war axe.
  3379 | D:4      | 3379 ||| DROPPING +0 hand axe.
  3547 | D:4      | Noticed Grinder
  3560 | D:4      | Killed Grinder
  3561 | D:4      | Reached skill level 8 in Axes
  3649 | D:4      | 3649 ||| FLEEEEING.
  3650 | D:4      | 3650 ||| FLEEEEING.
  3651 | D:4      | 3651 ||| FLEEEEING.
  3652 | D:4      | 3652 ||| FLEEEEING.
  3654 | D:4      | 3654 ||| FLEEEEING.
  3655 | D:4      | 3655 ||| FLEEEEING.
  3657 | D:4      | 3657 ||| FLEEEEING.
  3668 | D:4      | 3668 ||| FLEEEEING.
  3669 | D:4      | 3669 ||| FLEEEEING.
  3817 | D:4      | 3817 ||| FLEEEEING.
  3818 | D:4      | 3818 ||| FLEEEEING.
  3819 | D:4      | 3819 ||| FLEEEEING.
  3820 | D:4      | 3820 ||| FLEEEEING.
  3825 | D:4      | 3825 ||| FLEEEEING.
  3832 | D:4      | 3832 ||| FLEEEEING.
  3833 | D:4      | 3833 ||| FLEEEEING.
  3834 | D:4      | 3834 ||| FLEEEEING.
  3835 | D:4      | 3835 ||| FLEEEEING.
  3836 | D:4      | 3836 ||| FLEEEEING.
  3837 | D:4      | 3837 ||| FLEEEEING.
  3838 | D:4      | 3838 ||| FLEEEEING.
  3839 | D:4      | 3839 ||| FLEEEEING.
  3840 | D:4      | 3840 ||| FLEEEEING.
  3851 | D:4      | 3851 ||| FLEEEEING.
  3862 | D:4      | 3862 ||| FLEEEEING.
  3872 | D:4      | 3872 ||| FLEEEEING.
  3873 | D:4      | 3873 ||| FLEEEEING.
  3874 | D:4      | 3874 ||| FLEEEEING.
  3875 | D:4      | 3875 ||| FLEEEEING.
  3876 | D:4      | 3876 ||| FLEEEEING.
  3877 | D:4      | 3877 ||| FLEEEEING.
  3878 | D:4      | 3878 ||| FLEEEEING.
  3879 | D:4      | 3879 ||| FLEEEEING.
  3880 | D:4      | 3880 ||| FLEEEEING.
  3881 | D:4      | 3881 ||| FLEEEEING.
  3882 | D:4      | 3882 ||| FLEEEEING.
  3883 | D:4      | 3883 ||| FLEEEEING.
  3884 | D:4      | 3884 ||| FLEEEEING.
  3885 | D:4      | 3885 ||| FLEEEEING.
  3886 | D:4      | 3886 ||| FLEEEEING.
  3887 | D:4      | 3887 ||| FLEEEEING.
  3888 | D:4      | 3888 ||| FLEEEEING.
  3889 | D:4      | 3889 ||| FLEEEEING.
  3890 | D:4      | 3890 ||| FLEEEEING.
  3902 | D:4      | 3902 ||| FLEEEEING.
  3903 | D:4      | 3903 ||| FLEEEEING.
  3906 | D:4      | 3906 ||| FLEEEEING.
  3907 | D:4      | 3907 ||| FLEEEEING.
  3909 | D:4      | 3909 ||| FLEEEEING.
  3911 | D:4      | 3911 ||| STAIRDANCE
  4100 | D:3      | 4100 ||| UPGRADING to +0 chain mail.
  4110 | D:3      | 4110 ||| DROPPING +0 scale mail.
  4111 | D:3      | 4111 ||| DRINKING 2 orange potions.
  4112 | D:3      | 4112 ||| DROPPING potion of attraction.
  4356 | D:4      | Reached XP level 8. HP: 43/48 MP: 12/12
  4590 | D:4      | 4590 ||| READING scroll labelled MAIGEECOUWA.
  4594 | D:4      | 4594 ||| READING 4 scrolls of identify.
  4594 | D:4      | 4594 ||| IDENTIFYING murky pink potion
  4595 | D:4      | 4595 ||| DROPPING potion of brilliance.
  4617 | D:5      | Entered Level 5 of the Dungeon
  4618 | D:5      | 4618 ||| PLANNING SEWER
  4625 | D:5      | 4625 ||| Stepping ~*~*~tactically~*~*~ (hiding).
  4635 | D:5      | Reached skill level 3 in Armour
  4734 | D:5      | 4734 ||| Stepping ~*~*~tactically~*~*~ (stealth).
  4735 | D:5      | 4735 ||| Stepping ~*~*~tactically~*~*~ (stealth).
  4739 | D:5      | 4739 ||| Stepping ~*~*~tactically~*~*~ (stealth).
  4754 | D:5      | Reached skill level 9 in Axes
  5245 | D:5      | 5245 ||| RIP SEWER
  5296 | D:5      | 5296 ||| PLANNING D:1-11
  5379 | D:5      | Found a glowing silver altar of Zin.
  5512 | D:5      | 5512 ||| Stepping ~*~*~tactically~*~*~ (stealth).
  5772 | D:5      | 5772 ||| DROPPING orb of mayhem.
  5773 | D:5      | 5773 ||| READING 5 scrolls of identify.
  5773 | D:5      | 5773 ||| IDENTIFYING white potion
  5774 | D:5      | 5774 ||| DROPPING potion of flight.
  5815 | D:6      | 5815 ||| PLANNING OSSUARY
  5839 | D:6      | Found a staircase to the Ecumenical Temple.
  5840 | D:6      | 5840 ||| PLANNING TEMPLE
  5845 | Temple   | Entered the Ecumenical Temple
  5851 | Temple   | Became a worshipper of Warmaster Okawaru
  5884 | Temple   | 5884 ||| PLANNING OSSUARY
  5924 | D:6      | Found a shimmering altar of Xom.
  6060 | D:6      | Found a sand-covered staircase.
  6066 | D:6      | 6066 ||| UPGRADING to +0 plate armour.
  6076 | D:6      | 6076 ||| DROPPING +0 chain mail.
  6077 | D:6      | 6077 ||| UPGRADING to +6 ring of dexterity.
  6081 | Ossuary  | Entered an ossuary
  6090 | Ossuary  | 6090 ||| Stepping ~*~*~tactically~*~*~ (stealth).
  6216 | Ossuary  | 6216 ||| Stepping ~*~*~tactically~*~*~ (stealth).
  6219 | Ossuary  | 6219 ||| Stepping ~*~*~tactically~*~*~ (stealth).
  6289 | Ossuary  | 6289 ||| Stepping ~*~*~tactically~*~*~ (stealth).
  6298 | Ossuary  | 6298 ||| Stepping ~*~*~tactically~*~*~ (stealth).
  6354 | Ossuary  | Reached skill level 10 in Axes
  6425 | Ossuary  | Reached * piety under Okawaru
  6426 | Ossuary  | Reached XP level 9. HP: 51/52 MP: 13/13
  6454 | Ossuary  | Reached skill level 3 in Dodging
  6455 | Ossuary  | 6455 ||| INVOKING Heroism.
  6456 | Ossuary  | 6456 ||| INVOKING Heroism.
  6457 | Ossuary  | 6457 ||| INVOKING Heroism.
  6462 | Ossuary  | Reached skill level 1 in Invocations
  7008 | Ossuary  | 7008 ||| UPGRADING to +6 ring of strength.
  7010 | Ossuary  | 7010 ||| DROPPING +6 ring of dexterity.
  7011 | Ossuary  | 7011 ||| READING scroll labelled ANATUGHACREMO.
  7012 | Ossuary  | 7012 ||| READING scroll labelled NIOROAPRIZ.
  7013 | Ossuary  | 7013 ||| READING scroll labelled JECETOIWOJI.
  7014 | Ossuary  | 7014 ||| READING scroll labelled ENUETRAD HYUW.
  7014 | Ossuary  | Identified a scroll of acquirement
  7014 | Ossuary  | 7014 ||| ACQUIRING +1 broad axe of pain
  7014 | Ossuary  | Acquired a +1 broad axe of pain
  7016 | Ossuary  | 7016 ||| SWAPPING to +1 broad axe of pain.
  7017 | Ossuary  | 7017 ||| DROPPING +0 war axe.
  7018 | Ossuary  | 7018 ||| READING 4 scrolls of identify.
  7018 | Ossuary  | 7018 ||| IDENTIFYING lumpy grey potion
  7019 | Ossuary  | 7019 ||| DROPPING potion of lignification.
  7020 | Ossuary  | 7020 ||| READING 2 scrolls of teleportation.
  7065 | D:6      | 7065 ||| PLANNING D:1-11
  7112 | D:6      | 7112 ||| INVOKING Heroism.
  7122 | D:6      | Reached skill level 3 in Invocations
  7151 | D:6      | 7151 ||| INVOKING Heroism.
  7196 | D:6      | Found a hide-covered altar of Uskayaw.
  7209 | D:6      | Reached ** piety under Okawaru
  7257 | D:6      | Found a runed translucent gate.
  7257 | D:6      | Found a runed translucent gate.
  7258 | D:6      | Found a runed translucent gate.
  7259 | D:6      | Noticed qw's ghost (novice TeWr)
  7462 | D:6      | Identified the +0 buckler of Gosmoode {Rampage rF+ Regen+}
  7495 | D:6      | 7495 ||| Stepping ~*~*~tactically~*~*~ (hiding).
  7499 | D:6      | 7499 ||| INVOKING Heroism.
  7608 | D:6      | 7608 ||| READING 2 scrolls of teleportation.
  7661 | D:7      | Reached skill level 11 in Axes
  7665 | D:7      | 7665 ||| Stepping ~*~*~tactically~*~*~ (stealth).
  7688 | D:7      | Noticed Pikel
  7689 | D:7      | 7689 ||| INVOKING Heroism.
  7691 | D:7      | 7691 ||| Stepping ~*~*~tactically~*~*~ (stealth).
  7693 | D:7      | 7693 ||| Stepping ~*~*~tactically~*~*~ (stealth).
  7694 | D:7      | 7694 ||| Stepping ~*~*~tactically~*~*~ (stealth).
  7705 | D:7      | 7705 ||| Stepping ~*~*~tactically~*~*~ (stealth).
  7706 | D:7      | 7706 ||| Stepping ~*~*~tactically~*~*~ (stealth).
  7707 | D:7      | Killed Pikel
  7708 | D:7      | Reached XP level 10. HP: 52/59 MP: 14/14
  7769 | D:7      | 7769 ||| INVOKING Heroism.
  8027 | D:7      | 8027 ||| INVOKING Heroism.
  8032 | D:7      | Reached *** piety under Okawaru
  8095 | D:7      | Identified the +5 rapier of Traps {holy, rCorr Stlth+}
  8116 | D:7      | Noticed Duvessa
  8116 | D:7      | Noticed Dowan
  8117 | D:7      | 8117 ||| Stepping ~*~*~tactically~*~*~ (hiding).
  8118 | D:7      | 8118 ||| INVOKING Heroism.
  8122 | D:7      | Killed Duvessa
  8128 | D:7      | HP: 9/59 [Dowan/stone arrow (24)]
  8129 | D:7      | 8129 ||| READING scroll of teleportation.
  8131 | D:7      | Killed Dowan
  8438 | D:7      | Found a radiant altar of Vehumet.
  8446 | D:7      | Reached skill level 12 in Axes
  8817 | D:7      | Identified the +4 quarterstaff "Weixza" {pain, Stlth+}
  9019 | D:7      | 9019 ||| READING scroll labelled ZEURIS GAADI.
  9166 | D:8      | 9166 ||| Stepping ~*~*~tactically~*~*~ (hiding).
  9167 | D:8      | 9167 ||| Stepping ~*~*~tactically~*~*~ (hiding).
  9299 | D:8      | 9299 ||| Stepping ~*~*~tactically~*~*~ (hiding).
  9303 | D:8      | 9303 ||| Stepping ~*~*~tactically~*~*~ (hiding).
  9307 | D:8      | 9307 ||| INVOKING Heroism.
  9505 | D:8      | Reached skill level 6 in Fighting
  9649 | D:8      | 9649 ||| FLEEEEING.
  9654 | D:8      | 9654 ||| FLEEEEING.
  9655 | D:8      | 9655 ||| FLEEEEING.
  9656 | D:8      | 9656 ||| FLEEEEING.
  9657 | D:8      | 9657 ||| FLEEEEING.
  9658 | D:8      | 9658 ||| FLEEEEING.
  9666 | D:8      | 9666 ||| FLEEEEING.
  9667 | D:8      | 9667 ||| FLEEEEING.
  9668 | D:8      | 9668 ||| FLEEEEING.
  9669 | D:8      | 9669 ||| FLEEEEING.
  9670 | D:8      | 9670 ||| FLEEEEING.
  9682 | D:8      | 9682 ||| FLEEEEING.
  9693 | D:8      | 9693 ||| FLEEEEING.
  9708 | D:8      | 9708 ||| FLEEEEING.
  9710 | D:8      | 9710 ||| STAIRDANCE
  9828 | D:7      | 9828 ||| READING scroll labelled NEDAR KOES URGH.
  9829 | D:7      | 9829 ||| READING 6 scrolls of identify.
  9829 | D:7      | 9829 ||| IDENTIFYING fizzy purple potion
  9830 | D:7      | 9830 ||| DROPPING potion of degeneration.
  9945 | D:8      | Found a snail-covered altar of Cheibriados.
  9946 | D:8      | 9946 ||| Stepping randomly (stuck).
 10160 | D:9      | 10160 ||| INVOKING Heroism.
 10171 | D:9      | Reached skill level 6 in Armour
 10177 | D:9      | 10177 ||| Stepping ~*~*~tactically~*~*~ (stealth).
 10192 | D:9      | 10192 ||| INVOKING Heroism.
 10198 | D:9      | HP: 15/60 [poisoned by a killer bee]
 10201 | D:9      | 10201 ||| DRINKING potion of heal wounds.
 10374 | D:9      | Noticed a two-headed ogre
 10375 | D:9      | 10375 ||| INVOKING Heroism.
 10384 | D:9      | Killed a two-headed ogre
 10384 | D:9      | Reached **** piety under Okawaru
 10508 | D:9      | 10508 ||| Stepping ~*~*~tactically~*~*~ (stealth).
 10512 | D:9      | 10512 ||| Stepping ~*~*~tactically~*~*~ (hiding).
 10514 | D:9      | 10514 ||| INVOKING Heroism.
 10536 | D:9      | Found a staircase to the Orcish Mines.
 10536 | D:9      | HP: 15/60 [orc/+0 trident (3)]
 10537 | D:9      | 10537 ||| READING 3 scrolls of teleportation.
 10538 | D:9      | 10538 ||| INVOKING Heroism.
 10828 | D:9      | Found Roveack's Book Shop.
 10892 | D:9      | 10892 ||| Stepping ~*~*~tactically~*~*~ (hiding).
 10900 | D:9      | 10900 ||| FLEEEEING.
 10901 | D:9      | 10901 ||| FLEEEEING.
 10902 | D:9      | 10902 ||| FLEEEEING.
 10903 | D:9      | 10903 ||| FLEEEEING.
 10904 | D:9      | 10904 ||| FLEEEEING.
 10906 | D:9      | 10906 ||| FLEEEEING.
 10911 | D:9      | 10911 ||| Stepping ~*~*~tactically~*~*~ (hiding).
 10915 | D:9      | 10915 ||| FLEEEEING.
 10918 | D:9      | 10918 ||| STAIRDANCE
 10989 | D:9      | 10989 ||| Stepping ~*~*~tactically~*~*~ (hiding).
 10996 | D:9      | 10996 ||| Stepping ~*~*~tactically~*~*~ (stealth).
 11122 | D:9      | 11122 ||| Stepping ~*~*~tactically~*~*~ (stealth).
 11123 | D:9      | 11123 ||| Stepping ~*~*~tactically~*~*~ (stealth).
 11210 | D:9      | 11210 ||| Stepping ~*~*~tactically~*~*~ (hiding).
 11211 | D:9      | 11211 ||| Stepping ~*~*~tactically~*~*~ (hiding).
 11215 | D:9      | 11215 ||| Stepping ~*~*~tactically~*~*~ (hiding).
 11216 | D:9      | 11216 ||| INVOKING Heroism.
 11256 | D:9      | 11256 ||| INVOKING Heroism.
 11257 | D:9      | 11257 ||| Stepping ~*~*~tactically~*~*~ (stealth).
 11263 | D:9      | Reached skill level 13 in Axes
 11263 | D:9      | Reached XP level 11. HP: 63/64 MP: 12/15
 11281 | D:9      | Found a sacrificial altar of Ru.
 11282 | D:9      | 11282 ||| Stepping ~*~*~tactically~*~*~ (stealth).
 11291 | D:9      | Found a basalt altar of Yredelemnul.
 11296 | D:9      | Found an ancient bone altar of Kikubaaqudgha.
 11298 | D:9      | Found a sparkling altar of Nemelex Xobeh.
 11301 | D:9      | Found a glowing golden altar of the Shining One.
 11338 | D:9      | 11338 ||| Stepping ~*~*~tactically~*~*~ (stealth).
 11339 | D:9      | 11339 ||| Stepping ~*~*~tactically~*~*~ (stealth).
 11340 | D:9      | 11340 ||| Stepping ~*~*~tactically~*~*~ (stealth).
 11343 | D:9      | 11343 ||| INVOKING Heroism.
 11449 | D:9      | 11449 ||| Stepping ~*~*~tactically~*~*~ (hiding).
 11452 | D:9      | 11452 ||| Stepping ~*~*~tactically~*~*~ (hiding).
 11453 | D:9      | 11453 ||| Stepping ~*~*~tactically~*~*~ (hiding).
 11454 | D:9      | 11454 ||| Stepping ~*~*~tactically~*~*~ (hiding).
 11456 | D:9      | 11456 ||| Stepping ~*~*~tactically~*~*~ (hiding).
 11578 | D:9      | 11578 ||| Stepping ~*~*~tactically~*~*~ (stealth).
 11579 | D:9      | Noticed a two-headed ogre
 11580 | D:9      | 11580 ||| Stepping ~*~*~tactically~*~*~ (hiding).
 11589 | D:9      | 11589 ||| INVOKING Heroism.
 11594 | D:9      | 11594 ||| Stepping ~*~*~tactically~*~*~ (hiding).
 11600 | D:9      | Killed a two-headed ogre
 11872 | D:10     | Entered Level 10 of the Dungeon
 12128 | D:10     | 12128 ||| INVOKING Heroism.
 12213 | D:10     | 12213 ||| Stepping ~*~*~tactically~*~*~ (stealth).
 12217 | D:10     | 12217 ||| Stepping ~*~*~tactically~*~*~ (stealth).
 12219 | D:10     | 12219 ||| Stepping ~*~*~tactically~*~*~ (hiding).
 12225 | D:10     | 12225 ||| INVOKING Heroism.
 12239 | D:10     | 12239 ||| Stepping ~*~*~tactically~*~*~ (hiding).
 12245 | D:10     | 12245 ||| Stepping ~*~*~tactically~*~*~ (hiding).
 12344 | D:10     | 12344 ||| Stepping ~*~*~tactically~*~*~ (hiding).
 12350 | D:10     | 12350 ||| INVOKING Heroism.
 12356 | D:10     | Reached skill level 6 in Invocations
 12472 | D:10     | 12472 ||| INVOKING Heroism.
 12838 | D:10     | Found a hazy altar of Hepliaklqana.
 12970 | D:10     | Found a staircase to the Lair.
 13036 | D:10     | 13036 ||| PLANNING LAIR
 13036 | D:10     | 13036 ||| READING 9 scrolls of identify.
 13036 | D:10     | 13036 ||| IDENTIFYING grey potion
 13080 | Lair:1   | Entered Level 1 of the Lair of Beasts
 13081 | Lair:1   | 13081 ||| INVOKING Heroism.
 13092 | Lair:1   | HP: 10/64 [blink frog (9)]
 13093 | Lair:1   | 13093 ||| READING 6 scrolls of teleportation.
 13094 | Lair:1   | HP: 1/64 [blink frog (10)]
 13097 | Lair:1   | Mangled by a blink frog

Levels and vault maps discovered:
D:1:      elethiomel_arrival_infinity_welcomes_careful_drivers,
          layout_loops_ring, shapermc_ecumenical_altar_petra,
          grunt_decor_junction
D:2:      minmay_thinvault, layout_basic, item_on_display_a, uniq_sigmund
D:3:      layout_loops_cross, fedhas_altar_4, mainiacjoe_overflow_brackets,
          uniq_crazy_yiuf_cottage
D:4:      layout_basic, kennysheep_minor_cross, uniq_grinder, uniq_menkaure
D:5:      layout_loops_corners, zin_statuary, cheibrodos_sewer_entry_sluice
D:6:      layout_gridville, amcnicky_altar_gilded, nicolae_uskayaw_dance_hall,
          minmay_temple_entry_waves, nicolae_ossuary_entry_giza,
          biasface_ghost_orc_armoury
D:7:      layout_basic, mainiacjoe_overflow_catwalk,
          hangedman_decor_diamond_cutter, uniq_pikel, uniq_duvessa
D:8:      layout_gridville, cheibrodos_worm_habitat
D:9:      layout_basic, minitemple, hiddenorc2_lemuel, serial_shops, shop
D:10:     layout_loops_corners, nicolae_hepliaklqana_monster_ancestors,
          lair_entry_dummy
Temple:   nicolae_temple_cloud_nine
Lair:1:   layout_roguey, minmay_lair_oklob_bushes, st_stairs_10,
          beast_lair_carwin_11, infiniplex_staircase_pool_2

Skill      XL: |  1  2  3  4  5  6  7  8  9 10 11 |
---------------+----------------------------------+-----
Axes           | 3 6 7 8 10 11 13 | 13.9
Fighting       | 4 5 6 |  6.1
Armour         | 2 5 6 |  6.0
Throwing       | 2 4 |  4.9
Dodging        | 3 4 |  4.0
Invocations    | 4 6 |  6.0
Spellcasting   | |  2.0
Translocations | |  2.4

Action                   |  1- 3 |  4- 6 |  7- 9 | 10-12 || total
-------------------------+-------+-------+-------+-------++-------
Melee: Hand axe          |    38 |    95 |     2 |       ||   135
       Kick              |    16 |    22 |   107 |    55 ||   200
       Peck              |     5 |    23 |    59 |    41 ||   128
       Punch             |       |     1 |     8 |     7 ||    16
       War axe           |       |       |   254 |       ||   254
       Broad axe         |       |       |    48 |   241 ||   289
Throw: Boomerang         |     7 |       |     8 |    73 ||    88
       Javelin           |       |       |    36 |     8 ||    44
Invok: Heroism           |       |       |     5 |    18 ||    23
  Use: Scroll            |     4 |     4 |    10 |     7 ||    25
       Potion            |     1 |     1 |     1 |     1 ||     4
Armor: Leather armour    |     3 |    17 |       |       ||    20
       Ring mail         |       |    13 |       |       ||    13
       Scale mail        |       |     2 |    10 |       ||    12
       Plate armour      |       |       |   102 |   115 ||   217
       Chain mail        |       |       |    43 |       ||    43
Dodge: Dodged            |    13 |    56 |    89 |   116 ||   274

Table legend:
 A = Non-vault XP
 B = Vault XP
 C = Vault XP percentage of total XP
 D = Non-vault monster count
 E = Vault monster count
 F = Vault count percentage of total count
                 A         B        C        D         E       F
            +---------+---------+-------+---------+---------+-------
      Total |    9392 |    3654 |  28.0 |     169 |      95 |  36.0
            +---------+---------+-------+---------+---------+-------
        D:1 |      31 |       0 |   0.0 |      20 |       0 |   0.0
        D:2 |      27 |     238 |  89.8 |      10 |      13 |  56.5
        D:3 |     180 |       0 |   0.0 |       8 |       0 |   0.0
        D:4 |     292 |     449 |  60.6 |      18 |       2 |  10.0
        D:5 |     435 |      30 |   6.5 |      17 |       4 |  19.0
        D:6 |     833 |      20 |   2.3 |      18 |       3 |  14.3
        D:7 |    1128 |     852 |  43.0 |      12 |       3 |  20.0
        D:8 |     727 |       5 |   0.7 |      13 |       1 |   7.1
        D:9 |    3602 |     628 |  14.8 |      30 |      32 |  51.6
       D:10 |    1192 |       2 |   0.2 |      19 |       2 |   9.5
     Lair:1 |     945 |       0 |   0.0 |       4 |       0 |   0.0
    Ossuary |       0 |    1430 | 100.0 |       0 |      35 | 100.0
            +---------+---------+-------+---------+---------+-------
